 Dungeon Crawl Stone Soup version 0.29.1-4-g47bece8355 (webtiles) character file.

Game seed: 7194276636916088920

45 javelincjr the Insei (level 3, 0/34 HPs)
             Began as an Octopode Transmuter on Dec 5, 2022.
             Succumbed to an adder's poison
             ... on level 2 of the Dungeon.
             The game lasted 00:07:03 (1662 turns).

javelincjr the Insei (Octopode Transmuter)          Turns: 1662, Time: 00:07:03

Health: 0/34       AC: 21    Str: 11    XL:     3   Next: 64%
Magic:  6/6        EV:  2    Int: 15    God:
Gold:   78         SH:  4    Dex: 12    Spells: 5/6 levels left

rFire   . . .      SeeInvis .   j - +1 short sword
rCold   . . .      Faith    .   l - +1 buckler
rNeg    . . .      Spirit   .   (helmet currently unavailable)
rPois   +          Reflect  .   (no amulet)
rElec   .          Harm     .   (no ring)
rCorr   .          Rampage  .   (no ring)
Will    .....      NoTele   +   (no ring)
Stlth   ++........              (no ring)
HPRegen 0.11/turn               (no ring)
MPRegen 0.10/turn               (no ring)
                                (no ring)
                                (no ring)

@: lethally poisoned (0 -> -4), tree-form
A: stationary, stasis, torment immunity, boosted hp, almost no armour,
(amphibious), 8 rings, (camouflage 1), (gelatinous body 1), (nimble swimmer 1),
(tentacles)
a: no special abilities


You were on level 2 of the Dungeon.
You were a tree.
You visited 1 branch of the dungeon, and saw 3 of its levels.

You collected 78 gold pieces.

Inventory:

Hand Weapons
 d - a +0 dagger
 j - a +1 short sword (weapon)
Missiles
 c - 12 stones (quivered)
Armour
 l - a +1 buckler (worn)
Scrolls
 b - a scroll of noise {unknown}
 g - 2 scrolls of enchant weapon


   Skills:
 + Level 1.0 Fighting
 + Level 2.5 Dodging
 + Level 1.0 Stealth
 + Level 3.6 Unarmed Combat
 + Level 2.1 Spellcasting
 + Level 2.4 Transmutations


You had 5 spell levels left.
You knew the following spells:

 Your Spells              Type           Power      Damage    Failure   Level
a - Beastly Appendage     Tmut           18%        N/A       11%         1

Your spell library contained the following spells:

 Spells                   Type           Power      Damage    Failure   Level
 Wereblood                Tmut           9%         N/A       16%         2
 Spider Form              Tmut/Pois      5%         N/A       47%         3
 Ignite Poison            Fire/Tmut/Pois 4%         N/A       54%         3
 Conjure Flame            Conj/Fire      1%         6-21      65%         3
 Ice Form                 Ice/Tmut       5%         N/A       87%         4
 Sticky Flame             Conj/Fire      1%         2d3       96%         4


Dungeon Overview and Level Annotations

Branches:
Dungeon (3/15)

Altars:


Innate Abilities, Weirdness & Mutations

You are a tree.
Your roots penetrate the ground, keeping you stationary.
You cannot be teleported.
You are immune to unholy pain and torment.
Your maximum health is greatly increased.
You cannot wear most types of armour.
((You are amphibious.))
You can wear up to eight rings at the same time.
((Your skin changes colour to match your surroundings (Stealth+).))
((Your rubbery body absorbs attacks. (AC +1, EV +1)))
((You are camouflaged when in or above water. (Stealth+)))
((You have tentacles for arms and can constrict up to eight enemies at once.))


Message History

Things that are here:
a +0 club; a kobold corpse You feel sick.
The adder bites you.
You are more poisoned.
The adder poisons you! The adder barely misses you.
You feel sick.
You hit the adder but do no damage. You grab the adder.
You constrict the adder.
You feel sick. The adder bites you. x2
You are lethally poisoned!
The adder poisons you!
You hit the adder. You squeeze the adder.
The adder is moderately wounded.
You constrict the adder.
* * * LOW HITPOINT WARNING * * *
You feel sick. The adder bites you.
* * * LOW HITPOINT WARNING * * *
You are more poisoned.
The adder poisons you!
Okay, then.
Really quaff the potion of lignification?
You turn into a tree.
Your roots penetrate the ground.
You lose your grip on the adder.
* * * LOW HITPOINT WARNING * * *
You feel sick. The adder bites you but does no damage.
You block the adder's attack.
You completely miss the adder.
The adder is heavily wounded.
* * * LOW HITPOINT WARNING * * *
You feel very sick.
You closely miss the adder.
The adder is heavily wounded.
* * * LOW HITPOINT WARNING * * *
You feel sick.
The adder bites you but does no damage. x2
You closely miss the adder.
The adder is heavily wounded.
* * * LOW HITPOINT WARNING * * *
You feel sick.
The adder bites you but does no damage. x2
You miss the adder.
The adder is heavily wounded.
You die...

#### ######...
###########......#.
#S♣.........####.>.
#######S########### ##.#
#.....BgS.....# #.#
#.###.#.###.#.#** #.#
*##.##.....,,,,,,,**** #..
*,......#.##*,*,,,,,,* ##.
*,#.###.#.#?#,*,*,**,* #.
*,#<#*#,#.###.*,,,**,****#.
*,#.#*,,.......,*,,,,,,,,..


You could see 2 adders, a giant cockroach and a goblin.

Vanquished Creatures
  An adder (D:2)
  3 dart slugs (D:1)
  2 endoplasms (D:1)
  3 giant cockroaches (D:1)
  2 goblins (D:1)
  2 hobgoblins
  3 jackals (D:1)
  A quokka (D:2)
  2 ball pythons (D:1)
  4 bats (D:1)
  2 frilled lizards (D:1)
  4 kobolds
  2 rats (D:1)
31 creatures vanquished.

Notes
Turn   | Place    | Note
-------+----------+-------------------------------------------
     0 | D:1      | javelincjr the Octopode Transmuter began the quest for the
                  | Orb.
     0 | D:1      | Reached XP level 1. HP: 13/13 MP: 3/3
   306 | D:1      | Reached XP level 2. HP: 18/18 MP: 5/5
   687 | D:1      | Reached XP level 3. HP: 19/23 MP: 4/6
  1304 | D:2      | Reached skill level 1 in Stealth
  1661 | D:2      | HP: 1/34 [poisoned by an adder]
  1662 | D:2      | Succumbed to an adder's poison

Illustrated notes

Levels and vault maps discovered:
D:1:      saegor_arrival_miasma, layout_basic
D:2:      layout_loops_ring, minmay_surrounded
D:3:      layout_basic, hellmonk_ecumenical_altar_crossroads,
          serial_bayou_pond_a

Skill      XL: |  1  2  3 |
---------------+----------+-----
Stealth        | 1 |  1.0
Fighting       | |  1.0
Dodging        | |  2.5
Unarmed Combat | |  3.6
Spellcasting   | |  2.1
Transmutations | |  2.4

Action                   || total
-------------------------++-------
Melee: Unarmed           ||    35
       Tentacles         ||    19
       Constrict         ||    18
       Kick              ||     7
       Dagger            ||    22
       Punch             ||     2
       Short sword       ||    10
Throw: Stone             ||     4
 Cast: Beastly Appendage ||     5
  Use: Scroll            ||     4
       Potion            ||     4
 Stab: Sleeping          ||     6
Armor: Skin              ||     8
Dodge: Dodged            ||    29
Block: Buckler           ||     2
